 Dungeon Crawl Stone Soup version 0.28.0-45-g0d030f2227 (webtiles) character file.

Game seed: 8887771977362925921

1 croobank the Firebug (level 1, 0/10 HPs)
             Began as a Gargoyle Fire Elementalist on Apr 18, 2022.
             Killed from afar by a dart slug (2 damage)
             ... with a slug dart
             ... on level 1 of the Dungeon.
             The game lasted 00:00:41 (90 turns).

croobank the Firebug (Gargoyle Fire Elementalist)     Turns: 90, Time: 00:00:42

Health: 0/10       AC:  4    Str: 11    XL:     1   Next: 20%
Magic:  0/3        EV: 11    Int: 15    God:
Gold:   0          SH:  0    Dex: 10    Spells: 3/4 levels left

rFire   . . .      SeeInvis .   (no weapon)
rCold   . . .      Faith    .   (no shield)
rNeg    + . .      Spirit   .   a - +0 robe
rPois   ∞          Reflect  .   (no helmet)
rElec   +          Harm     .   (no cloak)
rCorr   .          Rampage  .   (no gloves)
Will    .....                   (no boots)
Stlth   ++........              (no amulet)
HPRegen 0.03/turn               (no ring)
MPRegen 0.08/turn               (no ring)

@: no status effects
A: sickness immunity, AC +2, negative energy resistance 1, electricity
resistance, torment resistance 1, petrification resistance
a: no special abilities


You were on level 1 of the Dungeon.
You visited 1 branch of the dungeon, and saw 1 of its levels.

Inventory:

Armour
 a - a +0 robe (worn)
Scrolls
 b - a scroll of acquirement {unknown}
 c - a scroll of noise {unknown}


   Skills:
 + Level 1.5 Dodging
 + Level 2.2 Stealth
 + Level 2.0 Spellcasting
 + Level 1.1 Conjurations
 + Level 3.0 Fire Magic


You had 3 spell levels left.
You knew the following spells:

 Your Spells              Type           Power      Damage    Failure   Level
a - Foxfire               Conj/Fire      28%        2x1d5     10%         1

Your spell library contained the following spells:

 Spells                   Type           Power      Damage    Failure   Level
 Scorch                   Fire           20%        2d6       10%         2
 Conjure Flame            Conj/Fire      7%         6-21      28%         3
 Wereblood                Tmut           1%         N/A       32%         2
 Inner Flame              Hex/Fire       6%         N/A       34%         3
 Flame Wave               Conj/Fire      7%         2d5       67%         4
 Summon Hydra             Summ           0%         N/A       100%        7
 Sublimation of Blood     Necr           Unusable   N/A       N/A         2

Dungeon Overview and Level Annotations

Branches:
Dungeon (1/15)

Altars:


Innate Abilities, Weirdness & Mutations

You are immune to sickness and miasma.
Your stone body is resilient. (AC +2)
You are immune to poison.
You resist negative energy. (rN+)
You are resistant to electric shocks. (rElec)
You are resistant to unholy torment.
You are immune to petrification.


Message History

The rat twitches its whiskers.
You completely miss the rat. Your punch misses the rat. The rat bites you.
You hit the rat but do no damage. The dart slug barely misses you.
The rat misses you.
Casting: Foxfire (safe; 10% risk of failure)
Confirm with . or Enter, or press ? or * to list all spells.
You conjure some foxfire!
The dart slug closely misses you. The rat completely misses you.
You closely miss the rat.
The foxfire hits the dart slug.
The dart slug is heavily wounded.
The rat bites you but does no damage. The dart slug launches a dart at you.
The slug dart hits you.
Ouch! That really hurt!
You hit the dart slug but do no damage.
The dart slug is heavily wounded.
The rat completely misses you.
You hit the dart slug but do no damage.
The dart slug is heavily wounded.
The dart slug barely misses you. The rat closely misses you.
You hit the dart slug.
The dart slug is severely wounded.
The rat bites you but does no damage. The dart slug bites you.
* * * LOW HITPOINT WARNING * * *
Casting: Foxfire (safe; 10% risk of failure)
Confirm with . or Enter, or press ? or * to list all spells.
You conjure some foxfire!
The rat barely misses you.
You hit the rat.
The rat is heavily wounded.
The foxfire hits the dart slug.
The dart slug is almost dead.
The dart slug launches a dart at you.
The slug dart hits you but does no damage.
The rat bites you.
* * * LOW HITPOINT WARNING * * *
You hit the dart slug but do no damage.
The dart slug is almost dead.
The dart slug launches a dart at you. The slug dart hits you.
You die...

#... #v# ......##.#
.......#.# ###
......(#.# #..
.......#.## #.#
#.........#######.#
#...$..........##.#
#....#w##.####.##.###
#......@r...........#
#..#.####.#.#######.#
# #.#.# #.# #.#.# #.#
#.#.# #.# #.#.# #†#
..#.# #.#### ###.#
#..[.. #####.


You could see a dart slug and a rat.

Vanquished Creatures
  A quokka (D:1)
1 creature vanquished.

Vanquished Creatures (collateral kills)
  A foxfire (D:1)
1 creature vanquished.

Vanquished Creatures (others)
  8 foxfires (D:1)
8 creatures vanquished.

Grand Total: 10 creatures vanquished

Notes
Turn   | Place    | Note
-------+----------+-------------------------------------------
     0 | D:1      | croobank the Gargoyle Fire Elementalist began the quest for
                  | the Orb.
     0 | D:1      | Reached XP level 1. HP: 10/10 MP: 3/3
    90 | D:1      | Killed from afar by a dart slug

Illustrated notes

Levels and vault maps discovered:
D:1:      eino_arrival_water_cross, layout_loops_ring,
          dreamdust_ecumenical_altar_drowned_temple, serial_shops,
          nicolae_shop_temple_entry_statues_fountains, minmay_misc_feat_tower

Action                   || total
-------------------------++-------
Melee: Unarmed           ||     8
 Cast: Foxfire           ||     6
Armor: Robe              ||     3
Dodge: Dodged            ||     8
